 Dungeon Crawl Stone Soup version 0.25.0 (webtiles) character file.

Game seed: 11944165258595994917

51 Ge0ff the Chopper (level 3, -2/31 HPs)
             Began as a Hill Orc Fighter on June 12, 2020.
             Slain by a gnoll
             ... wielding a +0 halberd
              (3 damage)
             ... on level 2 of the Dungeon.
             The game lasted 00:02:41 (1139 turns).

Ge0ff the Chopper (Hill Orc Fighter)                Turns: 1139, Time: 00:02:41

Health: -2/31      AC:  6    Str: 19    XL:     3   Next: 81%
Magic:  3/3        EV:  7    Int:  8    God:
Gold:   87         SH:  9    Dex: 10    Spells: 2/2 levels left

rFire    . . .     SeeInvis .   a - +0 war axe
rCold    . . .     Gourm    .   c - +0 kite shield
rNeg     . . .     Faith    .   b - +0 scale mail
rPois    .         Spirit   .   (no helmet)
rElec    .         Reflect  .   (no cloak)
rCorr    .         Harm     .   (no gloves)
MR       .....                  (no boots)
Stlth    ..........             (no amulet)
HPRegen  0.10/turn              (no ring)
MPRegen  0.08/turn              (no ring)

@: no status effects
A: no striking features
a: no special abilities


You were on level 2 of the Dungeon.
You were not hungry.

You visited 1 branch of the dungeon, and saw 2 of its levels.

You collected 87 gold pieces.

Inventory:

Hand Weapons
 a - a +0 war axe (weapon)
 Y - a +0 flail
Missiles
 Z - 4 javelins (quivered)
Armour
 b - a +0 scale mail (worn)
 c - a +0 kite shield (worn)
Scrolls
 N - a scroll of teleportation {unknown}
 O - a scroll of identify {unknown}
 P - a scroll of noise {unknown}
 S - a scroll of enchant weapon {unknown}
 W - a scroll of blinking {unknown}
Potions
 M - a potion of might
 R - 2 potions of degeneration {unknown}
 U - 2 potions of brilliance {unknown}
 V - 3 potions of curing {unknown}
 X - a potion of mutation {unknown}
Comestibles
 r - 4 rations
 T - a chunk of flesh


   Skills:
 - Level 3.6 Fighting
 + Level 5.3 Axes
 - Level 3.2 Armour
 - Level 3.2 Shields


You had 2 spell levels left.
You didn't know any spells.
Your spell library was empty.

Dungeon Overview and Level Annotations

Branches:
Dungeon (2/15)

Altars:

Annotations:
D:1 dig


Message History

You slash the gnoll!
The gnoll is almost dead.
The gnoll hits you with a +0 spear.
Your shield and scale mail prevent you from hitting the gnoll.
The gnoll is almost dead.
The gnoll hits you from afar with a +0 halberd.
The gnoll closely misses you. The gnoll barely misses you.
You slash the gnoll!
You kill the gnoll!
You hit the gnoll.
The gnoll hits you from afar with a +0 halberd!
* * * LOW HITPOINT WARNING * * *
You block the gnoll's attack.
You barely miss the gnoll.
The gnoll is heavily wounded.
The gnoll hits you from afar with a +0 halberd.
* * * LOW HITPOINT WARNING * * *
The gnoll closely misses you.
The gnoll hits you from afar with a +0 halberd.
You die...

...........# ##.#
...........# .!..
...........# #..
..........# # #.....# #
#....## #
###g.########## #...
#g).......... ...#
###@..######## ##.#
####.....## #######.#
#....###..# #....##.#
#.######.)#####....##.#
#.# #.<....##....##.#
#.# #.####.##....##..
#.# #. ##..#....##..
#.# # #...รท....#...
#.# #..#.#..<....#


You could see 2 gnolls.

Vanquished Creatures
  2 gnolls (D:2)
  An ooze (D:1)
  A leopard gecko (D:1)
  2 goblins (D:2)
  4 hobgoblins
  2 ball pythons
  2 bats (D:1)
  5 frilled lizards
  7 kobolds
  4 rats
30 creatures vanquished.

Notes
Turn   | Place    | Note
-------+----------+-------------------------------------------
     0 | D:1      | Ge0ff the Hill Orc Fighter began the quest for the Orb.
     0 | D:1      | Reached XP level 1. HP: 19/19 MP: 1/1
    38 | D:1      | Reached skill level 3 in Axes
   159 | D:1      | Reached XP level 2. HP: 25/26 MP: 2/2
   270 | D:1      | Reached skill level 4 in Axes
   854 | D:2      | Reached XP level 3. HP: 29/31 MP: 3/3
  1134 | D:2      | Reached skill level 5 in Axes
  1139 | D:2      | HP: 1/31 [gnoll/+0 halberd (3)]
  1139 | D:2      | Slain by a gnoll

Illustrated notes

Levels and vault maps discovered:
D:1:      beargit_arrival_greenhouse, layout_loops_cross, due_unseen_surprise
D:2:      layout_rooms, first_ration

Skill      XL: |  1  2  3 |
---------------+----------+-----
Axes           | 3 4 5 |  5.3
Fighting       | |  3.6
Armour         | |  3.2
Shields        | |  3.2

Action                   || total
-------------------------++-------
Melee: War axe           ||    94
  Eat: Chunk             ||     1
Armor: Scale mail        ||    44
Dodge: Dodged            ||    30
Block: Kite shield       ||    39

Levels and vault maps discovered:
D:1:      beargit_arrival_greenhouse, layout_loops_cross, due_unseen_surprise
D:2:      layout_rooms, first_ration
